 Dungeon Crawl Stone Soup version 0.31-a0-331-geda263fcf1 (webtiles) character file.

Game seed: 11322689502499421618

100 mopl the Changeling (level 4, -2/30 HPs)
             Began as an Octopode Shapeshifter on July 19, 2023.
             Slain by Crazy Yiuf
             ... wielding a +4 quarterstaff of chaos
              (16 damage)
             ... on level 3 of the Dungeon.
             The game lasted 00:01:34 (1587 turns).

mopl the Changeling (Octopode Shapeshifter)         Turns: 1587, Time: 00:01:36

Health: -2/30      AC:  1    Str: 14    XL:     4   Next: 74%
Magic:  4/4        EV: 13    Int: 10    God:
Gold:   53         SH:  0    Dex: 14    Spells: 3/3 levels left

rFire   . .          .
                       - Unarmed
rCold   . . .        (no shield)
rNeg    . . .        (helmet currently unavailable)
rPois   .            (no amulet)
rElec   .            (no ring)
rCorr   .            (no ring)
SInv    .            (no ring)
Will    .....        (no ring)
Stlth   ++           (no ring)
HPRegen 0.25/turn    (no ring)
MPRegen 0.09/turn    (no ring)
                     (no ring)

%: no passive effects
@: beast-form
A: beast (slay +2), almost no armour, amphibious, 8 rings, camouflage 1,
gelatinous body 1, (nimble swimmer 1), tentacles
a: Begin Untransformation


You were on level 3 of the Dungeon.
You were a hulking beast.
You visited 1 branch of the dungeon, and saw 3 of its levels.

You collected 53 gold pieces.

Inventory:

Missiles
 f - 6 datura-tipped darts
Talismans
 b - a beast talisman
Scrolls
 c - a scroll of noise {unknown}
 d - 2 scrolls of identify
 e - 3 scrolls of fear {unknown}
 h - a scroll of enchant weapon {unknown}
 i - a scroll of torment {unknown}
 k - a scroll of teleportation {unknown}
 l - a scroll of blinking {unknown}
Potions
 a - a potion of lignification {!q}
 g - a potion of might
 j - 2 potions of haste {unknown}


   Skills:
 + Level 2.6 Fighting
 + Level 2.5 Dodging
 * Level 3.2 Unarmed Combat
 * Level 3.6 Shapeshifting


You had 3 spell levels left.
You didn't know any spells.
Your spell library contained the following spells:

 Spells                   Type           Power      Damage    Failure   Level
 Shock                    Conj/Air       0%         1d3       36%         1
 Ensorcelled Hibernation  Hex/Ice        0%         N/A       50%         2
 Swiftness                Air            0%         N/A       75%         3
 Airstrike                Air            0%         2d(0-16)  98%         4
 Anguish                  Hex/Necr       0%         N/A       98%         4


Dungeon Overview and Level Annotations

Branches:
Dungeon (3/15)

Altars:

Shops:
D:2 [

Annotations:
D:3 Crazy Yiuf


Innate Abilities, Weirdness & Mutations

You are a hulking beast.
Your limbs bulge with bestial killing power. (Slay +2)
You cannot wear most types of armour.
You are amphibious.
You can wear up to eight rings at the same time.
Your skin changes colour to match your surroundings (Stealth+).
Your rubbery body absorbs attacks. (AC +1, EV +1)
((You are camouflaged when in or above water. (Stealth+)))
You have tentacles for arms and can constrict up to eight enemies at once.


Message History

You constrict Natasha. Natasha barely misses you.
You tentacle-slap Natasha.
Natasha is severely wounded.
You constrict Natasha. Natasha claws you!
You barely miss Natasha.
Natasha is almost dead.
You constrict Natasha.
Natasha stares at you and mumbles some strange words.
You feel yourself slow down.
You tentacle-slap Natasha.
You kill Natasha!
Natasha screams in pain as she dies!
No target in view!
No target in view!
k - a scroll labelled REOVOA XITE
Found a stone staircase leading up.
You feel yourself speed up.
l - a scroll labelled YTTEODWANUE
There is a stone staircase leading up here.
HP restored.
Found a hammer.
Found a runed translucent door.
You open the door.
There is an open translucent door here.
The helpless Crazy Yiuf fails to defend himself.
You tentacle-slap Crazy Yiuf. Your grab misses Crazy Yiuf.
Crazy Yiuf is moderately wounded.
Crazy Yiuf says, "Papa childish aubergine!"
Crazy Yiuf closely misses you.
You closely miss Crazy Yiuf. You grab Crazy Yiuf. You squeeze Crazy Yiuf!
Crazy Yiuf is heavily wounded.
You constrict Crazy Yiuf, but do no damage.
Crazy Yiuf cries, "Blight aubergine arm!"
Crazy Yiuf hits you with a +4 quarterstaff of chaos!
Crazy Yiuf freezes you.
You tentacle-slap Crazy Yiuf.
Crazy Yiuf is severely wounded.
You constrict Crazy Yiuf.
Crazy Yiuf hits you with a +4 quarterstaff of chaos!
Ouch! That really hurt!
You die...

##♣♣♣♣♣
###...♣.♣♣♣#####
###......♣..♣#...#
#.......♣♣♣♣.'.hg#
#.#.#..♣♣ ♣♣#..)#
##.####♣♣ #####
.....# .##### .#
.#### ....# .####


You could see Crazy Yiuf.

Vanquished Creatures
  Natasha (D:3)
  5 adders (D:2)
  A worm (D:2)
  2 endoplasms (D:2)
  2 goblins (D:1)
  5 hobgoblins (D:1)
  A jackal (D:1)
  A kobold (D:1)
  A quokka (D:2)
  4 ball pythons
  2 bats (D:1)
  A frilled lizard (D:1)
  3 rats
29 creatures vanquished.

Notes
Turn   | Place    | Note
-------+----------+-------------------------------------------
     0 | D:1      | mopl the Octopode Shapeshifter began the quest for the Orb.
     0 | D:1      | Reached XP level 1. HP: 14/14 MP: 1/1
   134 | D:1      | Reached XP level 2. HP: 14/19 MP: 2/2
   703 | D:2      | Reached XP level 3. HP: 22/24 MP: 3/3
   900 | D:2      | Found Cacloph's Antique Armour Boutique.
   998 | D:2      | Reached skill level 3 in Unarmed Combat
   998 | D:2      | Reached XP level 4. HP: 30/30 MP: 4/4
  1532 | D:3      | Noticed Natasha
  1543 | D:3      | Killed Natasha
  1577 | D:3      | Found a runed translucent door.
  1578 | D:3      | Noticed Crazy Yiuf
  1587 | D:3      | Slain by Crazy Yiuf

Illustrated notes

Levels and vault maps discovered:
D:1:      roderic_chinese_lattice_arrival, layout_loops_ring,
          minmay_pentomino_o4
D:2:      layout_basic, serial_shops, shop
D:3:      layout_basic, mainiacjoe_overflow_chevrons,
          hellmonk_ecumenical_altar_inner_sanctum, serial_corexii_hall,
          corexii_hall_statues_x, corexii_hall_statues_i,
          chequers_hall_statues_wall_a, chequers_hall_statues_corner_a,
          uniq_crazy_yiuf_cottage, uniq_natasha

Skill      XL: |  1  2  3 |
---------------+----------+-----
Unarmed Combat | 3 |  3.2
Fighting       | |  2.6
Dodging        | |  2.5
Shapeshifting  | |  3.6

Action                     |  1- 3 |  4- 6 || total
---------------------------+-------+-------++-------
  Melee: Unarmed           |    44 |    17 ||    61
         Constrict         |    13 |     4 ||    17
         Tentacles         |     9 |     4 ||    13
         Punch             |     1 |       ||     1
    Use: Scroll            |       |     1 ||     1
   Stab: Sleeping          |     6 |     1 ||     7
  Dodge: Dodged            |    23 |     9 ||    32

Table legend: (Time is in decaauts)
 A = Elapsed time spent in this place.
 B = Non-inter-level travel time spent in this place.
 C = Inter-level travel time spent in this place.
 D = Time resting spent in this place.
 E = Time spent auto-exploring this place.
 F = Levels seen in this place.
 G = Mean time per level.
                   A        B        C        D        E       F      G
               +--------+--------+--------+--------+--------+-----+--------+
         Total |   1588 |   1531 |     57 |      0 |   1340 |   3 |  529.3 |
       Dungeon |   1588 |   1531 |     57 |      0 |   1340 |   3 |  529.3 |
               +--------+--------+--------+--------+--------+-----+--------+

Top non-repeatable levels by time:
     D:2: 815 daAuts
     D:1: 657 daAuts
     D:3: 116 daAuts
